 Dungeon Crawl Stone Soup version 0.28.0-43-g3370ac3207 (webtiles) character file.

Game seed: 17204445870782490583

194315 smarlow the Eclecticist (level 18, -11/138 HPs)
             Began as a Djinni Conjurer on Mar 6, 2022.
             Was the Champion of Makhleb.
             Killed from afar by Nikola (70 damage)
             ... with an arc of chain lightning
             ... on level 3 of the Spider Nest.
             The game lasted 02:00:07 (31454 turns).

smarlow the Eclecticist (Djinni Conjurer)          Turns: 31454, Time: 02:00:07

Health: -11/138    AC: 16    Str:  6    XL:     18   Next: 99%
Gold:   3076       EV: 19    Int: 25    God:    Makhleb [******] SH: 32 Dex: 17

rFire   + + .      SeeInvis +   S - staff of conjuration
rCold   x . .      Faith    .   J - +10 tower shield of Ignorance {rN+ Int-4}
rNeg    + . .      Spirit   .   R - +3 leather armour of Jutud {Will++ Slay+3}
rPois   ∞          Reflect  +   T - +2 helmet {SInv}
rElec   .          Harm     .   t - +1 cloak "Idghokes" {MP-9 Int+3 Dex+3}
rCorr   +          Rampage  .   D - +0 pair of gloves
Will    +++..                   (boots unavailable)
Stlth   ++++......              W - amulet of reflection
HPRegen 0.33/turn               b - ring of resist corrosion
MPRegen 0.00/turn               u - +4 ring of evasion

@: radiating poison, flying, very slightly contaminated
A: sickness immunity, fire resistance 2, cold vulnerability 1, float, innate
caster, HP casting, extra vitality 1
}: 1/15 runes: barnacled
a: Renounce Religion, Minor Destruction, Lesser Servant of Makhleb, Major
Destruction, Greater Servant of Makhleb


You were on level 3 of the Spider Nest.
You worshipped Makhleb.
Makhleb was exalted by your worship.
You visited 6 branches of the dungeon, and saw 31 of its levels.
You also visited: Sewer, Gauntlet and Volcano.

You collected 3604 gold pieces.
You spent 528 gold pieces at shops.

Inventory:

Missiles
 A - 6 throwing nets
Armour
 t - the +1 cloak "Idghokes" (worn) {MP-9 Int+3 Dex+3}
   (You found it in a Gauntlet)

   Int:       It affects your intelligence (+3).
   Dex:       It affects your dexterity (+3).
   MP:        It affects your magic capacity (-9).
 D - a +0 pair of gloves (worn)
 J - the +10 tower shield of Ignorance (worn) {rN+ Int-4}
   (You found it on level 13 of the Dungeon)

   Int:       It affects your intelligence (-4).
   rN:        It protects you from negative energy.
 R - the +3 leather armour of Jutud (worn) {Will++ Slay+3}
   (You found it on level 4 of the Lair of Beasts)

   Slay:      It affects your accuracy & damage with ranged weapons and melee
   (+3).
   Will:      It greatly increases your willpower.
 T - a +2 helmet of see invisible (worn)
Magical Staves
 l - a staff of death
 S - a staff of conjuration (weapon)
Jewellery
 b - a ring of resist corrosion (left hand)
 q - a ring of ice
 r - a ring of fire
 u - a +4 ring of evasion (right hand)
 W - an amulet of reflection (around neck)
Wands
 a - a wand of paralysis (12)
 m - a wand of iceblast (31)
 n - a wand of flame (57)
 x - a wand of polymorph (17)
 G - a wand of mindburst (3)
 I - a wand of acid (15)
 U - a wand of digging (8)
Scrolls
 f - a scroll of magic mapping
 g - 9 scrolls of fear
 k - 4 scrolls of blinking
 o - 5 scrolls of identify
 s - 6 scrolls of enchant weapon
 y - 3 scrolls of silence
 B - 2 scrolls of noise
 C - a scroll of enchant armour
 F - 3 scrolls of amnesia
 L - 2 scrolls of summoning
 O - 2 scrolls of fog
 P - 11 scrolls of teleportation
Potions
 c - 4 potions of heal wounds
 d - 2 potions of invisibility
 e - a potion of cancellation
 h - 6 potions of haste
 i - 2 potions of brilliance
 j - 4 potions of resistance
 p - 11 potions of curing
 v - 3 potions of berserk rage
 w - 5 potions of flight
 z - 3 potions of magic
 E - 8 potions of mutation
 H - 6 potions of lignification
 K - 5 potions of might
 M - 4 potions of attraction
 N - a potion of experience
 V - 2 potions of degeneration


   Skills:
 + Level 15.0 Fighting
 + Level 15.0 Armour
 + Level 11.8 Dodging
 + Level 8.4 Stealth
 + Level 10.5 Shields
 * Level 15.3 Spellcasting
 + Level 7.5 Invocations


You had 2 spell levels left.
You knew the following spells:

 Your Spells              Type           Power      Damage    Failure   Level
a - Magic Dart            Conj           100%       1d8       1%          1
b - Searing Ray           Conj           100%       2d8       1%          2
c - Dazzling Flash        Conj/Hex       100%       N/A       1%          3
d - Fulminant Prism       Conj/Hex       48%        3d21      1%          4
e - Iskenderun's Mystic   Conj/Tloc      97%        2d19      1%          4
f - Beastly Appendage     Tmut           100%       N/A       1%          1
g - Static Discharge      Conj/Air       97%        N/A       1%          2
h - Ignite Poison         Fire/Tmut/Pois 77%        N/A       1%          3
i - Flame Wave            Conj/Fire      97%        2d16      1%          4
j - Olgreb's Toxic Radia  Pois           77%        N/A       1%          4
k - Iskenderun's Battles  Conj           97%        2d14      1%          5
l - Iron Shot             Conj/Erth      48%        9d9       7%          6
m - Starburst             Conj/Fire      48%        6d13      7%          6
Your spell library was empty.

Dungeon Overview and Level Annotations

Branches:
Dungeon (15/15)            Temple (1/1) D:5            Lair (6/6) D:9
 Shoals (4/4) Lair:3       Spider (3/4) Lair:2        Slime (0/5) Lair:5
    Orc (2/2) D:11            Elf (0/3) Orc:2        Vaults (0/5) D:13
 Depths (0/4) D:15          Sewer (visited)         Volcano (visited)
Gauntlet (visited)

Altars:
Ashenzari
Dithmenos
Fedhas
Hepliaklqana
Kikubaaqudgha
Makhleb
Nemelex Xobeh
Qazlal
Vehumet
Wu Jian
Zin
The Shining One
Beogh

Shops:
D:6 =(*   Orc:2 :*[(   Shoals:3 (

Annotations:
Lair:5 1 runed translucent door, Ypehuijo's ghost, journeyman OpFi
Shoals:4 Ilsuiw
Spider:3 Nikola


Innate Abilities, Weirdness & Mutations

You are immune to sickness and miasma.
You are immune to poison.
Your flesh is very heat resistant. (rF++)
You are vulnerable to cold. (rC-)
You float through the air rather than walking.
You learn spells naturally, not from books.
Your magical power is your life essence.
You have superior vitality. (+4 MHP)


Message History

Makhleb accepts your kill.
You feel better.
You feel a surge of power!
The iron shot misses the redback.
You feel a surge of power!
You miscast Iron Shot.
Nothing appears to happen.
You block the redback's attack.
You feel a surge of power!
The iron shot hits the redback!!!
You kill the redback!
Makhleb accepts your kill.
You feel better.
Your magical contamination has completely faded away.
Things that are here:
a redback corpse; a redback corpse
o - 5 scrolls of identify (gained 1)
You see here an entropy weaver corpse.
You see here a tarantella corpse.
Found a stone staircase leading down.
You now have 3076 gold pieces (gained 15).
Nikola the Mad Inventor comes into view.
He is wielding a +0 rapier of electrocution.
There is a stone staircase leading down here.
Nikola shouts!
Casting: Iron Shot (dangerous; 7% risk of failure)
Confirm with . or Enter, or press ? or * to list all spells.
You begin to radiate toxic energy.
Nikola is poisoned.
Nikola looks even sicker.
You feel a surge of power!
The iron shot misses Nikola.
Nikola looks even sicker.
Nikola gestures wildly while chanting.
Lightning arcs from Nikola's hands!
The bolt of lightning hits you!!!
A bolt of lightning appears from out of thin air!
The bolt of lightning hits Nikola.
You hear an angry hiss.
You feel a surge of power!
You miscast Iron Shot.
You are very lightly contaminated with residual magic.
Strange energies run through your body!
Nikola looks as sick as possible!
A jumping spider comes into view.
Nikola warns, "If you see one of my golems, approach with caution, they bite."
Nikola mumbles some strange words.
Lightning arcs from Nikola's hands!
The bolt of lightning hits you!!!
Ouch! That really hurt!
You die...

.#..## ##......###
...... ##.........##
.........##.#.........##
........^ ........#....
........### #....@.^..
........#.# #......
..........## #....##
...........###..@..#
#......#.^..###>..## .#
..#..........#...^#^...
.....†††.........^....#
##..#...#....#..#.^...#
.#...#####...#...##s...
.##.... #...#...# ....
.#..^....##.###.## ..##
.#.#.##..#...#!.. .


You could see Nikola (extremely poisoned) and a jumping spider.

Vanquished Creatures
  Arachne (Spider:3)
  Frances (Shoals:1)
  2 krakens
  Kirke (D:13)
  2 emperor scorpions (Spider:3)
  A ghost moth (Spider:2)
  3 orc warlords
  A broodmother (Spider:2)
  3 entropy weavers (Spider:3)
  A minotaur (Gauntlet)
  A spark wasp (Spider:2)
  The ghost of DeadBczImStupid the Impaler, a journeyman MfGl of Dithmenos (Lair:3)
  5 merfolk impalers
  Snorg (D:11)
  6 merfolk javelineers
  An ettin (Orc:2)
  A fire dragon (Lair:6)
  3 vault guards (D:13)
  The ghost of pkoi the Carver, a journeyman MiFi of Okawaru (D:10)
  Harold (Lair:2)
  7 hydras
  An ogre mage (D:13)
  2 alligator snapping turtles (Shoals:4)
  5 merfolk aquamancers
  3 centaur warriors
  A radroach (Spider:3)
  A jorogumo (Spider:2)
  5 boulder beetles
  3 merfolk avatars
  5 death yaks (Gauntlet)
  8 two-headed ogres
  Erica (D:8)
  3 tengu warriors
  4 orc high priests
  A deep elf knight (D:13)
  A sun moth (Spider:3)
  A skeletal warrior (D:10)
  5 pharaoh ants
  11 sea snakes
  7 orb spiders
  A kraken simulacrum (Shoals:4)
  A steelbarb worm (Spider:3)
  4 orange crystal statues (D:13)
  A wolf spider zombie (D:15)
  7 harpies
  A swamp dragon (Lair:6)
  3 bog bodies (Shoals:1)
  A wizard (D:13)
  2 necromancers
  11 orc knights
  2 deep elf zephyrmancers (D:15)
  15 fauns
  11 ugly things
  A deep elf pyromancer (D:14)
  2 oklob plants (Lair:2)
  7 orc sorcerers
  5 wolf spiders
  14 manticores
  7 cyclopes
  A moth of wrath (Lair:3)
  Maurice (Orc:2)
  13 merfolk sirens
  A water nymph (Shoals:4)
  3 black mambas (Lair:6)
  15 elephants
  A gargoyle (D:13)
  A torpor snail (Gauntlet)
  4 demonic crawlers
  14 cane toads
  3 unseen horrors
  A centaur skeleton (D:15)
  2 yaktaurs (D:13)
  3 rime drakes
  15 komodo dragons
  An efreet (D:11)
  2 polar bears
  31 merfolk
  A harpy zombie (D:15)
  6 meliai
  8 trolls
  5 wind drakes
  A wind drake (shapeshifter) (D:15)
  16 blink frogs
  14 tarantellas
  A harpy skeleton (D:15)
  2 slime creatures (D:15)
  7 snapping turtles
  9 dream sheep
  6 jumping spiders
  3 wraiths
  4 shadows
  7 culicivoras
  4 wyverns
  A vampire (D:13)
  3 hogs (D:13)
  A fire bat (Volcano)
  6 water elementals
  2 basilisks
  A human (D:13)
  27 yaks
  4 steam dragons
  18 redbacks
  4 vampire mosquitoes
  4 wargs
  3 acid dragons
  2 hell hounds (Volcano)
  15 water moccasins
  A sky beast (D:6)
  A swamp drake (Lair:6)
  53 orc warriors
  3 hornet zombies
  2 black bears
  3 ice beasts
  56 wolves
  12 centaurs
  9 ogres
  3 kobold brigands
  12 bullfrogs
  6 killer bees
  3 wights (D:7)
  2 electric eels
  A bullfrog zombie (D:6)
  7 crimson imps (D:8)
  5 centaur zombies
  5 hounds
  3 jellies
  36 orc priests
  2 bullfrog skeletons
  2 gnoll shamans
  5 iguanas
  36 orc wizards
  13 hell rats
  A killer bee zombie (D:6)
  A hound skeleton (D:5)
  2 howler monkey zombies (D:5)
  A howler monkey skeleton (D:6)
  17 gnolls
  17 adders
  11 river rats (Lair:1)
  2 white imps (D:8)
  A worm (D:2)
  4 dart slugs
  115 orcs
  2 bats
  11 endoplasms
  9 giant cockroaches
  9 goblins
  17 hobgoblins
  4 jackals
  24 quokkas
  19 ball pythons
  12 frilled lizards
  13 kobolds
  21 rats
  A bush (Lair:3)
1100 creatures vanquished.

Vanquished Creatures (others)
  A manticore (Shoals:4)
  An orc warrior (Orc:2)
  100 fulminant prisms
  41 fungi
  102 plants
  33 tentacles
  7 withered plants (D:15)
285 creatures vanquished.

Grand Total: 1385 creatures vanquished

Notes
Turn   | Place    | Note
-------+----------+-------------------------------------------
     0 | D:1      | smarlow the Djinni Conjurer began the quest for the Orb.
     0 | D:1      | Reached XP level 1. HP: 15/15 MP: 0/0
   198 | D:1      | Reached XP level 2. HP: 15/21 MP: 0/0
   685 | D:1      | Reached XP level 3. HP: 14/25 MP: 0/0
   685 | D:1      | Learned a level 1 spell: Beastly Appendage
  1686 | D:1      | Found a faded altar of an unknown god.
  1899 | D:2      | Reached XP level 4. HP: 29/31 MP: 0/0
  1944 | D:2      | Identified the +6 dagger of Rotation {elec, rElec}
  2356 | D:2      | Reached XP level 5. HP: 32/35 MP: 0/0
  2356 | D:2      | Learned a level 2 spell: Static Discharge
  2491 | D:2      | Found a hazy altar of Hepliaklqana.
  2621 | D:3      | Reached skill level 5 in Spellcasting
  2732 | D:3      | Found a glowing drain.
  2740 | Sewer    | Entered a sewer
  2932 | Sewer    | Reached XP level 6. HP: 39/40 MP: 0/0
  3619 | Sewer    | Reached XP level 7. HP: 8/45 MP: 0/0
  3619 | Sewer    | Learned a level 3 spell: Ignite Poison
  4673 | D:4      | Reached skill level 1 in Armour
  4720 | D:4      | Reached skill level 1 in Fighting
  4779 | D:4      | Reached XP level 8. HP: 48/52 MP: 0/0
  5308 | D:5      | Entered Level 5 of the Dungeon
  5359 | D:5      | Reached skill level 1 in Shields
  5456 | D:5      | Found a staircase to the Ecumenical Temple.
  5477 | Temple   | Entered the Ecumenical Temple
  5487 | Temple   | Became a worshipper of Makhleb the Destroyer
  5979 | D:6      | Noticed a wyvern
  5985 | D:6      | Killed a wyvern
  6031 | D:6      | Reached XP level 9. HP: 44/59 MP: 0/0
  6031 | D:6      | Learned a level 4 spell: Flame Wave
  6079 | D:6      | Found Ibry's Antique Weapon Shoppe.
  6120 | D:6      | Found Jejepu's Jewellery Shop.
  6156 | D:6      | Found an ornate altar of the Wu Jian Council.
  6156 | D:6      | Found a stormy altar of Qazlal.
  6226 | D:6      | Found Naveq's Assorted Antiques.
  6509 | D:7      | Reached * piety under Makhleb
  7493 | D:8      | Reached XP level 10. HP: 59/67 MP: 0/0
  7616 | D:8      | Reached skill level 5 in Dodging
  7656 | D:8      | Noticed Erica
  7671 | D:8      | Killed Erica
  7934 | D:8      | Reached skill level 5 in Fighting
  7989 | D:9      | Reached ** piety under Makhleb
  8054 | D:9      | Found a staircase to the Lair.
  8072 | D:9      | Found a sparkling altar of Nemelex Xobeh.
  8311 | D:9      | Found a broken altar of Ashenzari.
  8935 | D:10     | Entered Level 10 of the Dungeon
  9049 | D:10     | Noticed a skeletal warrior
  9052 | D:10     | Found a transporter.
  9109 | D:10     | Reached XP level 11. HP: 67/76 MP: 0/0
  9109 | D:10     | Learned a level 4 spell: Olgreb's Toxic Radiance
  9150 | D:10     | Reached skill level 5 in Armour
  9350 | D:10     | Found a transporter.
  9433 | D:10     | Noticed a two-headed ogre
  9439 | D:10     | Killed a two-headed ogre
  9440 | D:10     | Reached skill level 5 in Stealth
  9440 | D:10     | Reached skill level 5 in Shields
  9538 | D:10     | Noticed a boulder beetle
  9544 | D:10     | Killed a boulder beetle
  9650 | D:10     | Noticed pkoi's ghost (journeyman MiFi)
  9669 | D:11     | You are sucked into a shaft and drop 2 floors!
  9684 | D:13     | Noticed a boulder beetle
  9688 | D:13     | Killed a boulder beetle
  9769 | D:13     | Noticed a deep elf knight
  9769 | D:13     | Noticed a vault guard
  9780 | D:13     | Killed a deep elf knight
  9786 | D:13     | Killed a vault guard
  9795 | D:13     | Noticed an ogre mage
  9804 | D:13     | Killed an ogre mage
  9812 | D:13     | Noticed a wizard
  9814 | D:13     | Noticed an orc knight
  9817 | D:13     | Killed a wizard
  9822 | D:13     | Killed an orc knight
  9823 | D:13     | Reached XP level 12. HP: 72/86 MP: 0/0
  9844 | D:13     | Found a gate to the Vaults.
  9844 | D:13     | Noticed a vault guard
  9858 | D:13     | Killed a vault guard
  9893 | D:13     | Noticed a vault guard
 10164 | D:13     | Found a runed translucent door.
 10167 | D:13     | Noticed Kirke
 10171 | D:13     | Noticed a tengu warrior
 10422 | D:11     | Found a stormy altar of Qazlal.
 10789 | D:11     | Reached *** piety under Makhleb
 10807 | D:11     | Found a staircase to the Orcish Mines.
 10841 | D:11     | Noticed a two-headed ogre
 10851 | D:11     | Killed a two-headed ogre
 10970 | D:11     | Reached **** piety under Makhleb
 11009 | D:11     | Noticed Snorg
 11022 | D:11     | Killed Snorg
 11023 | D:11     | Reached skill level 10 in Spellcasting
 11344 | D:11     | Noticed a centaur warrior
 11351 | D:11     | Killed a centaur warrior
 11440 | D:10     | Reached XP level 13. HP: 74/94 MP: 0/0
 11440 | D:10     | Learned a level 5 spell: Iskenderun's Battlesphere
 11589 | D:10     | Killed pkoi's ghost
 12371 | D:13     | Killed Kirke
 12511 | D:13     | Reached skill level 10 in Fighting
 12564 | D:13     | Killed a vault guard
 12587 | D:13     | Identified the ring of Haiclim {rF+ MP+9}
 12819 | D:13     | Found the +10 tower shield of Ignorance {rN+ Int-4}
 12903 | D:13     | Found a runed translucent door.
 13423 | D:14     | Found a glowing golden altar of the Shining One.
 13796 | Lair:1   | Entered Level 1 of the Lair of Beasts
 13944 | Lair:1   | Reached XP level 14. HP: 88/103 MP: 0/0
 13956 | Lair:1   | Reached ***** piety under Makhleb
 14751 | Lair:2   | Found a shadowy altar of Dithmenos.
 14921 | Lair:2   | Noticed Harold
 14927 | Lair:2   | Killed Harold
 14942 | Lair:2   | Found a hole to the Spider Nest.
 15499 | Lair:2   | Found a blossoming altar of Fedhas.
 16373 | Lair:3   | Found a transporter.
 16379 | Lair:3   | Found a transporter.
 16382 | Lair:3   | Noticed DeadBczImStupid's ghost (journeyman MfGl)
 16407 | Lair:3   | Reached ****** piety under Makhleb
 16462 | Lair:3   | Identified the +0 pair of boots of the Kangaroo {Will+}
 16759 | Lair:3   | Found a staircase to the Shoals.
 17368 | Lair:4   | Reached XP level 15. HP: 112/112 MP: 0/0
 17368 | Lair:4   | Learned a level 6 spell: Iron Shot
 17482 | Lair:4   | Identified the +0 scythe of Sanec {chaos, Int+3}
 17833 | Lair:4   | Identified the +3 leather armour of Jutud {Will++ Slay+3}
 18025 | Lair:4   | You are sucked into a shaft and drop 2 floors!
 18025 | Lair:6   | Entered Level 6 of the Lair of Beasts
 18059 | Lair:5   | Identified a scroll of acquirement
 18059 | Lair:5   | Acquired a manual of Armour
 18127 | Lair:5   | Found a runed translucent door.
 18127 | Lair:5   | Found a gate leading to a gauntlet.
 18127 | Lair:5   | Noticed Ypehuijo's ghost (journeyman OpFi)
 18136 | Gauntlet | Entered a Gauntlet
 18136 | Gauntlet | Found a transporter.
 18136 | Gauntlet | Found a transporter.
 18149 | Gauntlet | Found a transporter.
 18149 | Gauntlet | Found a transporter.
 18150 | Gauntlet | Found a transporter.
 18160 | Gauntlet | Found a transporter.
 18160 | Gauntlet | Found a transporter.
 18176 | Gauntlet | Found a transporter.
 18203 | Gauntlet | Found a transporter.
 18208 | Gauntlet | Identified the +1 cloak "Idghokes" {MP-9 Int+3 Dex+3}
 18239 | Gauntlet | Found a transporter.
 18282 | Gauntlet | Identified the +6 halberd of the Pharaoh's Fist {holy,
                  | Str+4 Dex+4}
 18320 | Lair:5   | Reached skill level 10 in Armour
 18456 | Lair:5   | Found a staircase to the Slime Pits.
 18511 | Lair:5   | Found a dark tunnel.
 18524 | Volcano  | Entered a volcano
 19742 | Lair:6   | Reached XP level 16. HP: 108/121 MP: 0/0
 20933 | Orc:1    | Entered Level 1 of the Orcish Mines
 21253 | Orc:1    | Reached skill level 1 in Invocations
 21760 | Orc:2    | Entered Level 2 of the Orcish Mines
 21760 | Orc:2    | Noticed Maurice
 21765 | Orc:2    | Killed Maurice
 22040 | Orc:2    | Found a staircase to the Elven Halls.
 22476 | Orc:2    | Found Weunuipti's General Store.
 22477 | Orc:2    | Found Cuhera's Book Boutique.
 22479 | Orc:2    | Found Niblof's Antique Armour Boutique.
 22479 | Orc:2    | Found Bichuoc's Antique Weapon Shop.
 22494 | Orc:2    | Bought a potion of curing for 36 gold pieces
 22494 | Orc:2    | Bought a potion of might for 48 gold pieces
 22494 | Orc:2    | Bought a scroll of blinking for 90 gold pieces
 22494 | Orc:2    | Bought a scroll of identify for 24 gold pieces
 22677 | D:15     | Entered Level 15 of the Dungeon
 22824 | D:15     | Found a staircase to the Depths.
 23545 | Shoals:1 | Entered Level 1 of the Shoals
 23578 | Shoals:1 | Reached XP level 17. HP: 127/128 MP: 0/0
 23578 | Shoals:1 | Learned a level 6 spell: Starburst
 23672 | Shoals:1 | Reached skill level 10 in Dodging
 23724 | Shoals:1 | Noticed a kraken
 23754 | Shoals:1 | Killed a kraken
 23888 | Shoals:1 | Noticed Frances
 23895 | Shoals:1 | Killed Frances
 23975 | Shoals:1 | Reached skill level 5 in Invocations
 24535 | Lair:3   | Killed DeadBczImStupid's ghost
 24953 | D:6      | Bought an amulet of reflection for 330 gold pieces
 25437 | Shoals:2 | Noticed a kraken
 25838 | Shoals:2 | Killed a kraken
 26440 | Shoals:3 | Found Teoj Xur's Weapon Boutique.
 27355 | Shoals:3 | Reached XP level 18. HP: 136/136 MP: 0/0
 27395 | Shoals:3 | Found the +2 hat of the Bear Spirit {Spirit, *Rage Will++}
 27517 | Shoals:4 | Entered Level 4 of the Shoals
 27544 | Shoals:4 | Noticed Ilsuiw
 28131 | Shoals:4 | Reached skill level 10 in Shields
 28697 | Shoals:4 | Got a barnacled rune of Zot
 28845 | Spider:1 | Entered Level 1 of the Spider Nest
 29479 | Spider:1 | Reached skill level 15 in Spellcasting
 29748 | Spider:1 | Identified the +0 ring mail of Absence {Dex+4}
 30100 | Spider:2 | Identified the +2 robe of Loss {Int+5}
 30808 | Spider:3 | Noticed Arachne
 30817 | Spider:3 | Killed Arachne
 30818 | Spider:3 | Reached skill level 15 in Armour
 30941 | Spider:3 | Reached skill level 15 in Fighting
 31450 | Spider:3 | Noticed Nikola
 31454 | Spider:3 | Killed from afar by Nikola

Illustrated notes

Levels and vault maps discovered:
D:1:      dpeg_arrival_tiny_k, layout_loops_corners,
          ebering_ecumenical_altar_hall, serial_bayou_lake_a
D:2:      layout_basic, basic_altar, minmay_tromino_v2
D:3:      layout_basic, gup_sewer_entry_bubbles
D:4:      layout_loops_ring, minivault_1, hangedman_abyss_or_decor_passed
D:5:      layout_loops_ring, minmay_temple_entry_slanted
D:6:      layout_rooms, chequers_temple_overflow_statue_of_worship,
          serial_shops, nicolae_shop_overgrown_old_shop, shop_fountains, shop
D:7:      layout_basic, minmay_misc_feat_rows
D:8:      layout_loops_ring, chequers_serial_rivers_marsh, minmay_nine_imps,
          uniq_erica
D:9:      layout_grid_maze, mainiacjoe_overflow_surrounded_room,
          nicolae_ashenzari_panopticon, lair_entry_dummy
D:10:     layout_long_grid, nzn_ghost_randoct
D:11:     layout_big_octagon, david_orc_5, minivault_21,
          nicolae_qazlal_scattered_showers, uniq_snorg
D:12:     layout_long_grid
D:13:     layout_stronghold, grunt_vaults_entry_fortified,
          chequers_guarded_unrand_ignorance, uniq_kirke
D:14:     layout_long_grid, nicolae_tso_carved_into_rock
D:15:     grunt_enter_depths_magical_seal, layout_rooms,
          kiku_gazebo_garden_becter, hangedman_decor_points
Temple:   nicolae_temple_elliptical
Lair:1:   lemuel_ratsnest, layout_chaotic_city, fungi_pond_lemuel,
          serial_bayou_shore_a, grunt_megastairs_2
Lair:2:   layout_cave_pods, spider_nest_entry_funnel_web, basic_altar,
          st_stairs_6, hangedman_tree_tricks, uniq_harold
Lair:3:   beast_lair_carwin_large_3, layout_cellular_growth,
          minmay_shoals_entry_centaurs, gammafunk_ghost_berserking_beasts,
          fungi_pond_lemuel, grunt_forest_large_clearings
Lair:4:   layout_loops_ring
Lair:5:   layout_regular_city, slime_dummy, ebering_ghost_inner_flame,
          gauntlet_entry_generic, nicolae_volcano_entry_two_sided,
          lemuel_fruit_tree
Lair:6:   wormcave, layout_hall_layers, guppyfry_lair_end_dragon,
          serial_bayou_ford_a
Shoals:1: layout_shoals, nicolae_shoals_secluded_bog, uniq_frances
Shoals:2: layout_shoals
Shoals:3: layout_shoals, serial_shops, nicolae_shop_bloodbath_and_beyond
Shoals:4: shoals_end_grunt_ice, layout_shoals, shoals_ilsuiw_alternative,
          portal_ice_cave_entry_dragon
Spider:1: layout_spider_delve, hangedman_spider_tarantella_strand
Spider:2: layout_spider_delve
Spider:3: nicolae_spider_hilbert_zone_2 [nicolae_spider_hilbert_4_sides_1_open,
          nicolae_spider_hilbert_4_sides_1_open,
          nicolae_spider_hilbert_4_sides_1_open,
          nicolae_spider_hilbert_4_sides_1_open,
          nicolae_spider_hilbert_6_sides_1_open,
          nicolae_spider_hilbert_6_sides_1_open,
          nicolae_spider_hilbert_3_sides_1_open,
          nicolae_spider_hilbert_3_sides_1_open,
          nicolae_spider_hilbert_3_sides_1_open,
          nicolae_spider_hilbert_3_sides_1_open,
          nicolae_spider_hilbert_6_sides_1_open,
          nicolae_spider_hilbert_6_sides_1_open,
          nicolae_spider_hilbert_6_sides_1_open,
          nicolae_spider_hilbert_6_sides_1_open], uniq_arachne, uniq_aizul,
          uniq_nikola
Orc:1:    orc_temple, layout_caves
Orc:2:    st_orc_congregation, layout_caves, uniq_maurice

Skill      XL: |  1  2  3  4  5  6  7  8  9 10 11 12 13 14 15 16 17 18 |
---------------+-------------------------------------------------------+-----
Spellcasting   | 4 5 6 7 8 9 10 11 13 14 15 | 15.3
Armour         | 1 2 3 4 5 6 7 8 11 13 14 15 | 15.0
Fighting       | 1 2 4 6 7 9 10 12 13 14 15 | 15.0
Stealth        | 2 3 4 5 6 7 8 |  8.4
Dodging        | 3 4 5 6 7 8 9 10 11 | 11.8
Shields        | 2 3 4 5 6 7 8 9 10 | 10.5
Invocations    | 4 6 7 |  7.5

Action                   |  1- 3 |  4- 6 |  7- 9 | 10-12 | 13-15 | 16-18 || total
-------------------------+-------+-------+-------+-------+-------+-------++-------
Melee: Unarmed           |     1 |       |       |       |       |       ||     1
       Dagger            |       |    14 |       |       |       |       ||    14
       Staff             |       |       |       |       |     1 |       ||     1
 Cast: Magic Dart        |    75 |   135 |   251 |   182 |   410 |   501 ||  1554
       Searing Ray       |       |     3 |     7 |     1 |     7 |     2 ||    20
       Iskenderun's Myst |       |       |    51 |   105 |   274 |   209 ||   639
       Fulminant Prism   |       |       |     7 |    28 |    34 |    31 ||   100
       Flame Wave        |       |       |     1 |     4 |     2 |     2 ||     9
       Olgreb's Toxic Ra |       |       |       |    49 |   102 |   193 ||   344
       Ignite Poison     |       |       |       |    20 |    53 |   143 ||   216
       Iskenderun's Batt |       |       |       |       |     1 |     2 ||     3
       Iron Shot         |       |       |       |       |       |   126 ||   126
       Starburst         |       |       |       |       |       |    16 ||    16
  Use: Scroll            |       |     6 |     3 |     3 |    16 |     7 ||    35
       Potion            |       |       |       |       |       |     2 ||     2
 Stab: Sleeping          |       |     2 |       |       |       |       ||     2
Armor: Robe              |     2 |       |    12 |    16 |     3 |       ||    33
       Leather armour    |       |       |       |       |     6 |    17 ||    23
Dodge: Dodged            |     4 |    25 |    32 |    43 |    44 |    35 ||   183
Block: Buckler           |       |       |     8 |    22 |     9 |       ||    39
       Tower shield      |       |       |       |       |    70 |   207 ||   277
       Reflection        |       |       |       |       |       |    37 ||    37
